[Event "EYCC Girls-U12 2019"]
[Site "Bratislava"]
[Date "2019.08.06"]
[Round "5.14"]
[White "Denic, Hana"]
[Black "Putinceva, Marina"]
[Result "1-0"]
[ECO "C44"]
[WhiteElo "1821"]
[BlackElo "1476"]
[Annotator "NA"]
[PlyCount "155"]
[EventDate "2019.08.02"]
[EventType "swiss"]
[EventCountry "SVK"]
[SourceTitle "playchess.com"]
[Source "ChessBase"]
[SourceQuality "1"]
[TimeControl "40/5400+30:1800+30"]

1. e4 e5 2. Nf3 Nc6 3. c3 d5 4. Qa4 f6 5. d3 Nge7 6. Be2 dxe4 7. dxe4 Bd7 8. Qc2 Ng6 9. Be3 Bd6 10. O-O Qe7 11. b4 O-O 12. Nbd2 b6 13. Rfd1 Rfd8 14. Nc4 Be6 15. Rd2 Rd7 16. Qa4 Nd8 17. Rad1 Nf7 18. Qa6 Rdd8 19. Qa4 Bd7 20. Qb3 Be6 21. Qc2 a5 22. b5 Bc5 23. Rxd8+ Rxd8 24. Rxd8+ Nxd8 25. g3 Nb7 26. Nfd2 Qd7 27. a4 Bxe3 28. Nxe3 Nc5 29. Ndc4 Ne7 30. f3 Nc8 31. Qd1 Qxd1+ 32. Bxd1 Kf7 33. Bc2 Ke7 34. f4 exf4 35. gxf4 Nd6 36. Nxd6 Kxd6 37. c4 Nd7 38. Nd5 Bxd5 39. cxd5 f5 40. e5+ Kxd5 41. Bxf5 Nf8 42. h4 g6 43. Bc8 h6 44. Kf2 g5 45. hxg5 hxg5 46. fxg5 Kxe5 47. Kg3 Ng6 48. Kg4 Ne7 49. Bd7 Nd5 50. Kh5 Ne7 51. Kh6 Kd6 52. Bg4 c6 53. bxc6 Kxc6 54. Be2 Kd6 55. g6 Ke6 56. g7 Ng8+ 57. Kh7 Nf6+ 58. Kh8 Kd7 59. g8=Q Nxg8 60. Kxg8 Kd6 61. Kf7 Kc7 62. Ke7 Kb7 63. Kd7 b5 64. Bxb5 Kb6 65. Kc8 Ka7 66. Kc7 Ka8 67. Kb6 Kb8 68. Kxa5 Ka7 69. Ba6 Kb8 70. Kb6 Ka8 71. Bb7+ Kb8 72. Be4 Kc8 73. a5 Kb8 74. a6 Kc8 75. a7 Kd7 76. a8=Q Kd6 77. Qd5+ Ke7 78. Kc7 1-0

[Event "EYCC Girls-U12 2019"]
[Site "Bratislava"]
[Date "2019.08.06"]
[Round "5.15"]
[White "Siekanska, Maria"]
[Black "Shahazizyan, Milena"]
[Result "1-0"]
[ECO "E42"]
[WhiteElo "1561"]
[BlackElo "1201"]
[Annotator "NA"]
[PlyCount "63"]
[EventDate "2019.08.02"]
[EventType "swiss"]
[EventCountry "SVK"]
[SourceTitle "playchess.com"]
[Source "ChessBase"]
[SourceQuality "1"]
[TimeControl "40/5400+30:1800+30"]

1. d4 Nf6 2. c4 e6 3. Nc3 Bb4 4. e3 c5 5. Nge2 d5 6. a3 Bxc3+ 7. Nxc3 Nc6 8. cxd5 Nxd5 9. Bc4 Nxc3 10. bxc3 Qa5 11. Bd2 O-O 12. O-O Qc7 13. Ba2 Rd8 14. Qe2 Na5 15. Rac1 b6 16. Rfd1 c4 17. e4 Bd7 18. e5 Ba4 19. Re1 Nb3 20. Bxb3 Bxb3 21. Qg4 Re8 22. Bg5 Kh8 23. Re3 Reb8 24. Rh3 Qc8 25. Qe4 Qg8 26. Re1 Re8 27. Ree3 f6 28. exf6 g6 29. Bh6 Qf7 30. Bg7+ Kg8 31. Rxh7 Qxg7 32. Rxg7+ 1-0

[Event "EYCC Girls-U12 2019"]
[Site "Bratislava"]
[Date "2019.08.06"]
[Round "5.16"]
[White "Norman, Kseniya"]
[Black "Putar, Lara"]
[Result "0-1"]
[ECO "C00"]
[WhiteElo "1532"]
[BlackElo "1608"]
[Annotator "NA"]
[PlyCount "66"]
[EventDate "2019.08.02"]
[EventType "swiss"]
[EventCountry "SVK"]
[SourceTitle "playchess.com"]
[Source "ChessBase"]
[SourceQuality "1"]
[TimeControl "40/5400+30:1800+30"]

1. e4 e6 2. d3 d5 3. Nd2 c5 4. Ngf3 Nc6 5. g3 Bd6 6. Bg2 Nge7 7. O-O O-O 8. Re1 Rb8 9. Nf1 d4 10. e5 Bc7 11. Bf4 Ng6 12. h4 Nxf4 13. gxf4 f6 14. Ng3 Ne7 15. exf6 Rxf6 16. Ne4 Rxf4 17. Nxc5 e5 18. Re4 Rf6 19. Nb3 Bf5 20. Re1 Bg4 21. Nbd2 Ng6 22. Qc1 Qf8 23. Nh2 Bh5 24. Bd5+ Kh8 25. Ne4 Rf4 26. Ng5 Qe7 27. Ngf3 Rbf8 28. c3 Nxh4 29. Nxh4 Qxh4 30. f3 Qg3+ 31. Kh1 Rh4 32. Qc2 e4 33. Re2 Bxf3+ 0-1

[Event "EYCC Girls-U12 2019"]
[Site "Bratislava"]
[Date "2019.08.06"]
[Round "5.17"]
[White "Sargsyan, Lilit G."]
[Black "Fileru, Maria"]
[Result "0-1"]
[ECO "D61"]
[WhiteElo "1415"]
[BlackElo "1602"]
[Annotator "NA"]
[PlyCount "98"]
[EventDate "2019.08.02"]
[EventType "swiss"]
[EventCountry "SVK"]
[SourceTitle "playchess.com"]
[Source "ChessBase"]
[SourceQuality "1"]
[TimeControl "40/5400+30:1800+30"]

1. d4 d5 2. c4 e6 3. Nc3 Nf6 4. Bg5 Be7 5. Nf3 O-O 6. e3 Nbd7 7. Qc2 h6 8. h4 b6 9. cxd5 exd5 10. O-O-O Bb7 11. Bf4 c5 12. dxc5 Rc8 13. Bd3 Nxc5 14. Bf5 Ne6 15. Kb1 Rc4 16. Ne5 Rc5 17. Qe2 Nxf4 18. exf4 Qc7 19. Rhg1 Bc8 20. Bd3 Re8 21. Bb5 Rd8 22. Na4 Bf5+ 23. Bd3 Bxd3+ 24. Rxd3 Ra5 25. Nc3 d4 26. Ne4 Nd5 27. Rc1 Bc5 28. Nxc5 Rxc5 29. Rxc5 bxc5 30. Qe4 Qb7 31. Ka1 Qa6 32. Rd1 Nb4 33. a3 Qa4 34. Rd2 Qa6 35. Rd1 Nd5 36. g3 Nc3 37. Qd3 c4 38. Qd2 Nxd1 39. Qxd1 c3 40. Qb3 cxb2+ 41. Qxb2 d3 42. Nf3 Qe6 43. Kb1 d2 44. Nxd2 Qe1+ 45. Ka2 Rxd2 46. Qxd2 Qxd2+ 47. Kb3 Qd4 48. f3 Kf8 49. g4 Ke7 0-1

[Event "EYCC Girls-U12 2019"]
[Site "Bratislava"]
[Date "2019.08.06"]
[Round "5.18"]
[White "Komissarova, Soigina"]
[Black "Salajan, Stefania"]
[Result "1-0"]
[ECO "B41"]
[WhiteElo "1663"]
[BlackElo "1482"]
[Annotator "NA"]
[PlyCount "75"]
[EventDate "2019.08.02"]
[EventType "swiss"]
[EventCountry "SVK"]
[SourceTitle "playchess.com"]
[Source "ChessBase"]
[SourceQuality "1"]
[TimeControl "40/5400+30:1800+30"]

1. e4 c5 2. Nf3 e6 3. d4 cxd4 4. Nxd4 a6 5. c4 Nf6 6. Nc3 Bb4 7. Qd3 Qa5 8. Bd2 Nc6 9. Nxc6 dxc6 10. Qc2 Qc7 11. Be2 O-O 12. O-O e5 13. a3 Be7 14. Rad1 Be6 15. Kh1 Rad8 16. f4 exf4 17. Bxf4 Bd6 18. Rxd6 Rxd6 19. c5 Re8 20. Bxd6 Qd7 21. Qc1 h6 22. Qf4 Kh8 23. h3 Nh7 24. e5 Ng5 25. h4 Nh7 26. Bh5 Kg8 27. Rf3 g6 28. Rg3 Kg7 29. Be2 Bf5 30. Bc4 Nf8 31. Ne2 Ne6 32. Qxf5 Kh7 33. Bxe6 Rxe6 34. Qg4 h5 35. Qg5 Re8 36. Nf4 Rg8 37. Nxh5 gxh5 38. Qxh5# 1-0

[Event "EYCC Girls-U12 2019"]
[Site "Bratislava"]
[Date "2019.08.06"]
[Round "5.19"]
[White "Mikhailina, Olga"]
[Black "Orian, Noga"]
[Result "0-1"]
[ECO "B33"]
[WhiteElo "1410"]
[BlackElo "1628"]
[Annotator "NA"]
[PlyCount "68"]
[EventDate "2019.08.02"]
[EventType "swiss"]
[EventCountry "SVK"]
[SourceTitle "playchess.com"]
[Source "ChessBase"]
[SourceQuality "1"]
[TimeControl "40/5400+30:1800+30"]

1. e4 c5 2. Nf3 e6 3. d4 cxd4 4. Nxd4 Nc6 5. Nc3 Nf6 6. Ndb5 d6 7. Bf4 e5 8. Bg5 a6 9. Na3 b5 10. Nd5 Be7 11. Bxf6 Bxf6 12. c4 b4 13. Nc2 a5 14. Qf3 h5 15. h3 Bg5 16. g4 g6 17. Be2 Kf8 18. Rd1 Kg7 19. Qg2 hxg4 20. hxg4 Rxh1+ 21. Qxh1 Be6 22. Kf1 Rc8 23. b3 Ne7 24. Nxe7 Qxe7 25. Qf3 Rc6 26. Kg2 Rc8 27. Qd3 Rd8 28. Ne3 Qd7 29. f3 Qa7 30. Nc2 Bf4 31. Rh1 Qc5 32. Rd1 Rh8 33. Kf1 Rh1+ 34. Kg2 Rh2+ 0-1

[Event "EYCC Girls-U12 2019"]
[Site "Bratislava"]
[Date "2019.08.06"]
[Round "5.20"]
[White "Tran, Alva Ling"]
[Black "Levchenko, Marina"]
[Result "1-0"]
[ECO "B23"]
[WhiteElo "1712"]
[BlackElo "1429"]
[Annotator "NA"]
[PlyCount "171"]
[EventDate "2019.08.02"]
[EventType "swiss"]
[EventCountry "SVK"]
[SourceTitle "playchess.com"]
[Source "ChessBase"]
[SourceQuality "1"]
[TimeControl "40/5400+30:1800+30"]

1. e4 c5 2. Nc3 d6 3. f4 Nc6 4. Nf3 e6 5. Bc4 Nf6 6. d3 Be7 7. O-O a6 8. a4 Qc7 9. h3 h5 10. Be3 Nb4 11. e5 Nd7 12. exd6 Bxd6 13. Ng5 Be7 14. Bb3 g6 15. Nce4 Nd5 16. Bd2 N7f6 17. Qf3 Bd7 18. Rae1 Rf8 19. c4 Nb4 20. Bxb4 cxb4 21. d4 O-O-O 22. Kh1 Nxe4 23. Qxe4 Bxg5 24. fxg5 Bc6 25. d5 Bd7 26. Rc1 Kb8 27. c5 exd5 28. Qxb4 Bc6 29. Qf4 Qxf4 30. Rxf4 Rde8 31. Rc2 Re5 32. h4 Kc7 33. Kg1 Re6 34. Rd2 Re5 35. Kf2 Kd7 36. Bc2 Ke7 37. Re2 Rxe2+ 38. Kxe2 Rd8 39. Kd3 Rd7 40. Kd4 Ke8 41. Rf3 Re7 42. b4 Kd8 43. Re3 Rd7 44. Bb3 Kc7 45. a5 Kc8 46. Re5 Kc7 47. Bxd5 Bxd5 48. Rxd5 Re7 49. Re5 Rd7+ 50. Kc3 Kc6 51. Kc4 Rc7 52. Re8 Kd7 53. Re4 Kc6 54. Rf4 Rd7 55. Rf6+ Kc7 56. g3 Kc8 57. b5 axb5+ 58. Kxb5 Kb8 59. Rd6 Re7 60. Kb6 Kc8 61. c6 bxc6 62. Rxc6+ Kb8 63. a6 Rd7 64. Rc3 Rd6+ 65. Kb5 Rd7 66. Ra3 Ka7 67. Kc6 Re7 68. Kd6 Re6+ 69. Kd5 Re7 70. Kd4 Re6 71. Ra5 Re7 72. Re5 Rd7+ 73. Rd5 Re7 74. Rd6 Re1 75. Rd7+ Kxa6 76. Rxf7 Rg1 77. Rf3 Rg2 78. Ke5 Kb5 79. Kf6 Kc4 80. Kxg6 Kd4 81. Kxh5 Ke4 82. Rf8 Rxg3 83. g6 Ke5 84. Kh6 Rg4 85. h5 Ke6 86. g7 1-0

[Event "EYCC Girls-U12 2019"]
[Site "Bratislava"]
[Date "2019.08.06"]
[Round "5.21"]
[White "Bargan, Victoria"]
[Black "Smirnova, Jekaterina"]
[Result "1/2-1/2"]
[ECO "D06"]
[WhiteElo "1574"]
[BlackElo "1372"]
[Annotator "NA"]
[PlyCount "89"]
[EventDate "2019.08.02"]
[EventType "swiss"]
[EventCountry "SVK"]
[SourceTitle "playchess.com"]
[Source "ChessBase"]
[SourceQuality "1"]
[TimeControl "40/5400+30:1800+30"]

1. d4 d5 2. c4 Nf6 3. cxd5 Qxd5 4. Nc3 Qd8 5. Bg5 e6 6. e3 Be7 7. Nf3 O-O 8. Bd3 Nd5 9. Bxe7 Qxe7 10. O-O Nd7 11. Nxd5 exd5 12. Qc2 Nf6 13. Rfc1 c6 14. Rab1 Bg4 15. Ne5 Bh5 16. b4 a6 17. a4 Rac8 18. Bf5 Rc7 19. b5 axb5 20. axb5 Bg6 21. Nxg6 fxg6 22. b6 gxf5 23. bxc7 Qxc7 24. Qb3 Rf7 25. Qb6 Qd7 26. Ra1 h5 27. Ra8+ Kh7 28. Ra7 Ne4 29. f3 Nd6 30. Rb1 Qe7 31. Qb3 h4 32. Rc1 Qg5 33. f4 Qg6 34. Ra8 h3 35. g3 Ne4 36. Qc2 Rf6 37. Qe2 Re6 38. Qf3 Nd2 39. Qe2 Nc4 40. Rc3 Nd6 41. Rca3 Ne4 42. Rb8 Nxg3 43. hxg3 Qxg3+ 44. Kh1 Rg6 45. Ra1 1/2-1/2

[Event "EYCC Girls-U12 2019"]
[Site "Bratislava"]
[Date "2019.08.06"]
[Round "5.22"]
[White "Bondar, Daria"]
[Black "Maria, Lia-Alexandra"]
[Result "0-1"]
[ECO "B94"]
[WhiteElo "1265"]
[BlackElo "1572"]
[Annotator "NA"]
[PlyCount "112"]
[EventDate "2019.08.02"]
[EventType "swiss"]
[EventCountry "SVK"]
[SourceTitle "playchess.com"]
[Source "ChessBase"]
[SourceQuality "1"]
[TimeControl "40/5400+30:1800+30"]

1. e4 c5 2. Nf3 d6 3. d4 cxd4 4. Nxd4 Nf6 5. Nc3 a6 6. Bg5 Nbd7 7. f4 Qc7 8. Qf3 g6 9. O-O-O Bg7 10. Be2 b5 11. Rhe1 Bb7 12. Bd3 O-O 13. Nde2 Rfc8 14. g4 b4 15. Bxf6 Nxf6 16. Nb1 Nd7 17. c3 Qa5 18. a3 Rab8 19. Kd2 Nc5 20. Bc2 b3 21. Bd3 Qa4 22. Ng3 Nxd3 23. Qxd3 Rc4 24. Re2 a5 25. Ke1 Ba6 26. Qe3 Rbc8 27. Nd2 R4c5 28. Rf2 Qb5 29. Nb1 a4 30. Rfd2 h5 31. g5 Bb7 32. h4 Rc4 33. Kf2 f6 34. Re2 fxg5 35. hxg5 Rf8 36. Kg1 e5 37. Nd2 Rcc8 38. f5 h4 39. f6 hxg3 40. c4 Qd7 41. fxg7 Rf4 42. Rf1 Rxf1+ 43. Kxf1 Qh3+ 44. Rg2 Kxg7 45. Qxg3 Qh1+ 46. Rg1 Rf8+ 47. Ke2 Qh5+ 48. Ke3 Rf4 49. Rf1 Rxf1 50. Nxf1 Qd1 51. Nd2 Bxe4 52. Qf2 Bf5 53. Qh4 Qc1 54. Ke2 Qxb2 55. Qh1 Bg4+ 56. Ke3 Qd4# 0-1

[Event "EYCC Girls-U12 2019"]
[Site "Bratislava"]
[Date "2019.08.06"]
[Round "5.23"]
[White "Suarez Gomez, Paula"]
[Black "Darmaeva, Nomina"]
[Result "1-0"]
[ECO "C47"]
[WhiteElo "1438"]
[BlackElo "1408"]
[Annotator "NA"]
[PlyCount "75"]
[EventDate "2019.08.02"]
[EventType "swiss"]
[EventCountry "SVK"]
[SourceTitle "playchess.com"]
[Source "ChessBase"]
[SourceQuality "1"]
[TimeControl "40/5400+30:1800+30"]

1. e4 e5 2. Nf3 Nc6 3. Nc3 Nf6 4. d4 exd4 5. Nxd4 Bb4 6. Nxc6 bxc6 7. Bd3 d5 8. exd5 cxd5 9. O-O O-O 10. Bg5 c6 11. Qf3 Be7 12. Rae1 Be6 13. h3 Rb8 14. Nd1 Re8 15. b3 c5 16. Ne3 h6 17. Bh4 Ne4 18. Bxe7 Qxe7 19. Bxe4 dxe4 20. Qxe4 Qf6 21. Qa4 Qg5 22. Kh1 f5 23. Nd5 Red8 24. Rxe6 Rxd5 25. Qc4 Rbd8 26. Re5 Qd2 27. Rxf5 Kh7 28. Qe4 Kh8 29. Rxd5 Rxd5 30. f4 Rd4 31. Qe8+ Kh7 32. f5 Qxc2 33. f6 Qd3 34. Rf3 Qd1+ 35. Kh2 gxf6 36. Rxf6 Rd7 37. Qg6+ Kh8 38. Rf8# 1-0

[Event "EYCC Girls-U12 2019"]
[Site "Bratislava"]
[Date "2019.08.06"]
[Round "5.24"]
[White "Paraschiv, Petronela-Alexandra"]
[Black "Haile, Batel Goitom"]
[Result "1-0"]
[ECO "B38"]
[WhiteElo "1810"]
[BlackElo "1522"]
[Annotator "NA"]
[PlyCount "103"]
[EventDate "2019.08.02"]
[EventType "swiss"]
[EventCountry "SVK"]
[SourceTitle "playchess.com"]
[Source "ChessBase"]
[SourceQuality "1"]
[TimeControl "40/5400+30:1800+30"]

1. e4 c5 2. Nf3 g6 3. d4 cxd4 4. Nxd4 Bg7 5. c4 Nc6 6. Be3 Nf6 7. Nc3 O-O 8. Be2 Re8 9. Qd2 e6 10. O-O-O Qe7 11. Bg5 Nxd4 12. Qxd4 h6 13. Bxf6 Bxf6 14. e5 Bg7 15. Nb5 d5 16. exd6 Qg5+ 17. Qd2 Qxd2+ 18. Rxd2 Rd8 19. Bf3 a6 20. Nc7 Rb8 21. Rhd1 Be5 22. g3 Bd7 23. c5 Kf8 24. Re2 Bf6 25. b3 Bc3 26. a3 Bc6 27. Bxc6 bxc6 28. Nxa6 Rxb3 29. Ra2 Ba5 30. Rd4 Rc3+ 31. Kd1 Ra8 32. Nc7 Rd8 33. Na6 Ra8 34. Nc7 Rd8 35. Na6 Rb3 36. Ra4 Rb5 37. Rc2 Rb1+ 38. Ke2 Rb5 39. Nb4 Bxb4 40. axb4 Ke8 41. Kd3 Rdb8 42. Kc4 R5b7 43. Rb2 Kd7 44. Ra5 Rb5 45. Ra7+ R8b7 46. Rxb7+ Rxb7 47. Ra2 e5 48. Ra6 f5 49. Ra8 Ke6 50. Rg8 Kf7 51. Rc8 Ra7 52. Rc7+ 1-0

[Event "EYCC Girls-U12 2019"]
[Site "Bratislava"]
[Date "2019.08.07"]
[Round "6.1"]
[White "Shvedova, Alexandra"]
[Black "Vlasova, Olesia"]
[Result "1-0"]
[ECO "B36"]
[WhiteElo "1932"]
[BlackElo "1799"]
[Annotator "NA"]
[PlyCount "139"]
[EventDate "2019.08.02"]
[EventType "swiss"]
[EventCountry "SVK"]
[SourceTitle "playchess.com"]
[Source "ChessBase"]
[SourceQuality "1"]
[TimeControl "40/5400+30:1800+30"]

1. e4 c5 2. Nf3 Nc6 3. d4 cxd4 4. Nxd4 g6 5. c4 Nf6 6. Nc3 d6 7. Be2 Nxd4 8. Qxd4 Bg7 9. Be3 O-O 10. Qd2 a5 11. f3 a4 12. O-O Qa5 13. Rac1 Be6 14. Nd5 Qxd2 15. Bxd2 Bxd5 16. cxd5 Rfc8 17. Bb5 Ne8 18. Be3 Rxc1 19. Rxc1 Bxb2 20. Rc4 a3 21. Bg5 Kf8 22. Kf1 h5 23. Ke2 Rb8 24. Bh6+ Kg8 25. Kd3 e6 26. Bxe8 Rxe8 27. dxe6 fxe6 28. Rc7 Rb8 29. Bf4 b5 30. Kc2 e5 31. Bh6 b4 32. Kb3 Bd4 33. Rg7+ Kh8 34. Rc7 Bc5 35. Bg7+ Kg8 36. Bxe5 Re8 37. Bf4 Re6 38. Bd2 Bg1 39. Bxb4 Bxh2 40. Bxa3 g5 41. Rc8+ Kh7 42. Rc1 Bf4 43. Rg1 Bg3 44. Bc1 g4 45. a4 Re5 46. Bb2 Rg5 47. Rf1 gxf3 48. Rxf3 Be1 49. Rf1 Rg3+ 50. Kc4 Rxg2 51. Bd4 Ba5 52. Rf5 Be1 53. Rxh5+ Kg6 54. Rd5 Kf7 55. Rxd6 Ke7 56. Kd5 Ra2 57. Ra6 Rd2 58. Kc5 Re2 59. e5 Bg3 60. Kd5 Rd2 61. Ke4 Rd1 62. Bc5+ Ke8 63. Kf5 Re1 64. e6 Rd1 65. Ra8+ Rd8 66. Rxd8+ Kxd8 67. e7+ Kd7 68. a5 Bb8 69. Kf6 Bg3 70. Kf7 1-0

[Event "EYCC Girls-U12 2019"]
[Site "Bratislava"]
[Date "2019.08.07"]
[Round "6.2"]
[White "Karaivanova, Petya"]
[Black "Verheij, Dana"]
[Result "1-0"]
[ECO "B90"]
[WhiteElo "1792"]
[BlackElo "1497"]
[Annotator "NA"]
[PlyCount "83"]
[EventDate "2019.08.02"]
[EventType "swiss"]
[EventCountry "SVK"]
[SourceTitle "playchess.com"]
[Source "ChessBase"]
[SourceQuality "1"]
[TimeControl "40/5400+30:1800+30"]

1. e4 c5 2. Nf3 d6 3. d4 cxd4 4. Nxd4 Nf6 5. Nc3 a6 6. Be3 e5 7. Nb3 Be6 8. f3 Be7 9. Qd2 O-O 10. g4 Nbd7 11. h4 b5 12. h5 b4 13. Nd5 Bxd5 14. exd5 Nb6 15. Bxb6 Qxb6 16. g5 Nd7 17. Bh3 Nc5 18. Bf5 a5 19. Nxc5 dxc5 20. g6 c4 21. c3 h6 22. gxf7+ Kh8 23. Be6 bxc3 24. bxc3 Bg5 25. Qf2 Be3 26. Qe2 Rab8 27. Rd1 Bf4 28. Qf2 Qd6 29. O-O Qa3 30. Rb1 Qxc3 31. Rxb8 Rxb8 32. Re1 Qd4 33. Qxd4 exd4 34. Bc8 Bd6 35. Re8+ Kh7 36. Bf5+ g6 37. hxg6+ Kg7 38. f8=Q+ Bxf8 39. Rxb8 d3 40. Rb7+ Kf6 41. Rf7+ Ke5 42. Rxf8 1-0

[Event "EYCC Girls-U12 2019"]
[Site "Bratislava"]
[Date "2019.08.07"]
[Round "6.3"]
[White "Zhou, Lepu Coco"]
[Black "Manko, Mariya"]
[Result "0-1"]
[ECO "B27"]
[WhiteElo "1861"]
[BlackElo "1807"]
[Annotator "NA"]
[PlyCount "102"]
[EventDate "2019.08.02"]
[EventType "swiss"]
[EventCountry "SVK"]
[SourceTitle "playchess.com"]
[Source "ChessBase"]
[SourceQuality "1"]
[TimeControl "40/5400+30:1800+30"]

1. e4 c5 2. Nf3 g6 3. c4 Bg7 4. d4 cxd4 5. Nxd4 b6 6. Nc3 Bb7 7. Be2 Nc6 8. Be3 Nf6 9. O-O O-O 10. f3 e6 11. Ndb5 d5 12. cxd5 exd5 13. exd5 Nb4 14. d6 Nfd5 15. Bf2 Nf4 16. Bg3 Nh5 17. Bf2 Qg5 18. Qc1 Nf4 19. Bg3 Nxe2+ 20. Nxe2 Qxb5 21. Qd2 Nd5 22. Rab1 Rfe8 23. Nc3 Qc5+ 24. Kh1 Nxc3 25. bxc3 Be5 26. d7 Red8 27. Bxe5 Qxe5 28. Rbd1 Bc6 29. Rfe1 Qf5 30. Re7 Ba4 31. Rde1 Rxd7 32. Rxd7 Qxd7 33. Qf4 Re8 34. Rxe8+ Qxe8 35. h4 h5 36. Qd4 Qd7 37. Qe5 Kh7 38. Qf4 Bc6 39. c4 Kg7 40. Qe5+ f6 41. Qb8 Qe7 42. Qg3 Kf7 43. Qf2 Bd7 44. Qd2 a5 45. Kh2 Qe5+ 46. f4 Qc7 47. c5 bxc5 48. g3 c4 49. Qc3 Qc5 50. Kg2 Bc6+ 51. Kh3 Qd5 0-1

[Event "EYCC Girls-U12 2019"]
[Site "Bratislava"]
[Date "2019.08.07"]
[Round "6.4"]
[White "Karmanova, Olga Dm."]
[Black "Ivanova, Dilyana"]
[Result "1-0"]
[ECO "A40"]
[WhiteElo "1838"]
[BlackElo "1734"]
[Annotator "NA"]
[PlyCount "129"]
[EventDate "2019.08.02"]
[EventType "swiss"]
[EventCountry "SVK"]
[SourceTitle "playchess.com"]
[Source "ChessBase"]
[SourceQuality "1"]
[TimeControl "40/5400+30:1800+30"]

1. d4 Nf6 2. c4 e6 3. g3 c5 4. Nf3 b6 5. d5 exd5 6. cxd5 d6 7. Nc3 g6 8. Bg2 Bg7 9. O-O O-O 10. Nd2 Re8 11. a4 Nbd7 12. Nc4 Ne5 13. Nxe5 Rxe5 14. e4 Ne8 15. Re1 f5 16. f4 Re7 17. e5 a6 18. e6 Bb7 19. Be3 Nf6 20. h3 Rb8 21. Qd3 Kh8 22. Bf2 Qc7 23. Rac1 Qd8 24. Bf3 Bh6 25. Rcd1 Qc7 26. b3 Rg8 27. h4 Ne8 28. Nb1 Qd8 29. Na3 Bc8 30. Qd2 Bg7 31. Nc4 Qc7 32. Rc1 Qd8 33. b4 Qc7 34. bxc5 bxc5 35. Na5 Bb7 36. Nxb7 Qxb7 37. Kg2 Nf6 38. Bxc5 Rd8 39. Rb1 Qc8 40. Bb6 Rde8 41. Rec1 Qa8 42. Rc6 Qb8 43. Qc2 Rb7 44. a5 Kg8 45. Rc1 h6 46. Rc8 Rxc8 47. Qxc8+ Kh7 48. Rc6 Qxc8 49. Rxc8 h5 50. Rd8 Re7 51. Rxd6 Ne8 52. Rd7 Bf6 53. Bd8 Rg7 54. Bxf6 Nxf6 55. Rxg7+ Kxg7 56. d6 Kf8 57. Bc6 Ng8 58. e7+ Nxe7 59. dxe7+ Kxe7 60. Bb7 Kd7 61. Bxa6 Kc7 62. Bc4 Kb7 63. Bf7 Ka6 64. Bxg6 Kxa5 65. Bxh5 1-0

[Event "EYCC Girls-U12 2019"]
[Site "Bratislava"]
[Date "2019.08.07"]
[Round "6.5"]
[White "Nordquelle, Amelia"]
[Black "Zhapova, Yana"]
[Result "0-1"]
[ECO "D02"]
[WhiteElo "1648"]
[BlackElo "1809"]
[Annotator "NA"]
[PlyCount "42"]
[EventDate "2019.08.02"]
[EventType "swiss"]
[EventCountry "SVK"]
[SourceTitle "playchess.com"]
[Source "ChessBase"]
[SourceQuality "1"]
[TimeControl "40/5400+30:1800+30"]

1. d4 d5 2. Nf3 e6 3. c4 Nf6 4. g3 dxc4 5. Qc2 c5 6. Qxc4 Nbd7 7. Bg2 Be7 8. O-O O-O 9. Nc3 a6 10. a4 cxd4 11. Qxd4 Bc5 12. Qd3 Qe7 13. e4 Rd8 14. Qe2 e5 15. Nd5 Nxd5 16. exd5 f6 17. a5 Nf8 18. Qc4 Bd6 19. Re1 Bd7 20. Qb3 Qf7 21. Qxb7 Rdb8 0-1

[Event "EYCC Girls-U12 2019"]
[Site "Bratislava"]
[Date "2019.08.07"]
[Round "6.6"]
[White "Schippke, Manon"]
[Black "Musabayeva, Diana"]
[Result "0-1"]
[ECO "B50"]
[WhiteElo "1743"]
[BlackElo "1679"]
[Annotator "NA"]
[PlyCount "66"]
[EventDate "2019.08.02"]
[EventType "swiss"]
[EventCountry "SVK"]
[SourceTitle "playchess.com"]
[Source "ChessBase"]
[SourceQuality "1"]
[TimeControl "40/5400+30:1800+30"]

1. e4 c5 2. Nf3 d6 3. g3 Nf6 4. d3 g6 5. Bg2 Bg7 6. O-O O-O 7. Re1 Nc6 8. c3 e5 9. a3 a5 10. a4 h6 11. Na3 Be6 12. Nb5 Re8 13. c4 Qd7 14. Nd2 Nb4 15. Nf1 Nh7 16. Ne3 Rad8 17. Nd5 Bxd5 18. cxd5 f5 19. exf5 gxf5 20. Re3 Qf7 21. Bd2 Bf8 22. Bxb4 axb4 23. Qe2 b6 24. h4 Nf6 25. Rf1 Rd7 26. Qf3 Ng4 27. Ree1 h5 28. Bh3 Nh6 29. Qe3 Rdd8 30. Qg5+ Kh7 31. Bg2 Ng4 32. Bf3 Bh6 33. Bxg4 Bxg5 0-1

[Event "EYCC Girls-U12 2019"]
[Site "Bratislava"]
[Date "2019.08.07"]
[Round "6.7"]
[White "Fileru, Maria"]
[Black "Van, Foreest Machteld"]
[Result "0-1"]
[ECO "E20"]
[WhiteElo "1602"]
[BlackElo "2186"]
[Annotator "NA"]
[PlyCount "118"]
[EventDate "2019.08.02"]
[EventType "swiss"]
[EventCountry "SVK"]
[SourceTitle "playchess.com"]
[Source "ChessBase"]
[SourceQuality "1"]
[TimeControl "40/5400+30:1800+30"]

1. d4 Nf6 2. c4 e6 3. Nc3 Bb4 4. f3 O-O 5. a3 Bxc3+ 6. bxc3 Ne8 7. e4 b6 8. Nh3 Ba6 9. Bd3 Nc6 10. Qe2 e5 11. Be3 Qe7 12. O-O Nd6 13. f4 exd4 14. Bxd4 f5 15. e5 Nb7 16. g4 Qh4 17. Nf2 Nba5 18. Bxf5 Bxc4 19. Nd3 Nxd4 20. cxd4 Nb3 21. Rad1 Nxd4 22. Qe4 Bxd3 23. Rxd3 Nxf5 24. gxf5 Qg4+ 25. Kh1 Qxf5 26. Qd5+ Qe6 27. Qxd7 Qxd7 28. Rxd7 Rf7 29. Rfd1 Rxd7 30. Rxd7 c5 31. Kg2 b5 32. Kf3 c4 33. Rc7 a6 34. Ke4 g6 35. e6 a5 36. Ke5 Rb8 37. Kd6 b4 38. axb4 axb4 39. Rxc4 b3 40. Rc1 b2 41. Rb1 Rb3 42. Kd7 Rb7+ 43. Kc6 Rb3 44. Kd7 Kg7 45. e7 Rd3+ 46. Ke6 Re3+ 47. Kd6 Kf6 48. Rxb2 Rxe7 49. Kd5 Kf5 50. Rb4 h5 51. h3 h4 52. Ra4 Rd7+ 53. Kc6 Rd3 54. Ra5+ Kxf4 55. Ra4+ Kg5 56. Rg4+ Kh5 57. Rg1 Rxh3 58. Kd5 Re3 59. Kd4 Re6 0-1

[Event "EYCC Girls-U12 2019"]
[Site "Bratislava"]
[Date "2019.08.07"]
[Round "6.8"]
[White "Huang, Wendy"]
[Black "Komissarova, Soigina"]
[Result "1-0"]
[ECO "C50"]
[WhiteElo "1784"]
[BlackElo "1663"]
[Annotator "NA"]
[PlyCount "151"]
[EventDate "2019.08.02"]
[EventType "swiss"]
[EventCountry "SVK"]
[SourceTitle "playchess.com"]
[Source "ChessBase"]
[SourceQuality "1"]
[TimeControl "40/5400+30:1800+30"]

1. e4 e5 2. Nf3 Nc6 3. Bc4 Nf6 4. d3 Bc5 5. c3 d6 6. Nbd2 Be6 7. O-O h6 8. Bb3 Bb6 9. Nc4 O-O 10. Re1 Bxc4 11. Bxc4 Na5 12. Bb5 a6 13. Ba4 Ba7 14. Qe2 b5 15. Bc2 c5 16. Nh4 Re8 17. Nf5 Kh7 18. Qf3 Nc6 19. Qg3 Rg8 20. Qh3 Qf8 21. Bg5 Nd8 22. Nxh6 gxh6 23. Qf5+ Rg6 24. Bxf6 Ne6 25. Re3 Nf4 26. g3 Nh5 27. Bxe5 dxe5 28. Qxh5 Rg5 29. Qf3 Qg7 30. Kh1 Re8 31. c4 Re6 32. Qg2 Bb8 33. h4 Rgg6 34. Bd1 Bc7 35. Bh5 Rgf6 36. Rf3 Rxf3 37. Qxf3 Rf6 38. Qe2 Bd8 39. Rd1 Rd6 40. Qg4 Qxg4 41. Bxg4 bxc4 42. dxc4 Rxd1+ 43. Bxd1 Bc7 44. Kg2 Kg6 45. Bg4 Kf6 46. Kf3 Ke7 47. Bc8 a5 48. Bb7 f6 49. h5 a4 50. a3 Ba5 51. Ke2 Kd6 52. Ba6 Ke6 53. g4 Kd6 54. Bb5 Ke7 55. Bxa4 Kd6 56. Bb5 Ke6 57. f3 Kd6 58. Kd3 Kc7 59. Kc2 Kb6 60. Kb3 Bd2 61. Ka4 Be1 62. b4 Bd2 63. Bd7 Bc3 64. Kb3 Be1 65. Be6 Kc6 66. Bd5+ Kb6 67. f4 exf4 68. e5 fxe5 69. g5 Bh4 70. gxh6 Bf6 71. h7 Bh8 72. Kc2 cxb4 73. axb4 Kc7 74. Kd3 Kd7 75. b5 Kd6 76. Ke4 {Kxd5+} 1-0